 Dungeon Crawl Stone Soup version 0.32-a0-779-g362cfcae2a (webtiles) character file.

Game seed: 4089943294257773495

19062 pokeman the Eclecticist (level 12, -11/66 HPs)
             Began as a Deep Elf Hedge Wizard on Mar 19, 2024.
             Was a High Priest of Vehumet.
             Engulfed by a cloud of freezing vapour (19 damage)
             ... on level 11 of the Dungeon.
             The game lasted 00:39:24 (14754 turns).

pokeman the Eclecticist (Deep Elf Hedge Wizard)    Turns: 14754, Time: 00:39:24

Health: -11/66     AC: 14    Str:  7    XL:     12   Next: 33%
Magic:  42/44      EV: 12    Int: 25    God:    Vehumet [*****.]
Gold:   348        SH:  5    Dex: 14    Spells: 17/45 levels left

rFire   . . .        u - staff of conjuration
rCold   . . .        (no shield)
rNeg    . . .        F - +0 steam dragon scales
rPois   .            i - +0 helmet
rElec   .            N - +2 cloak
rCorr   .            V - +2 pair of gloves {Stlth+}
SInv    .            h - +0 pair of boots
Will    ++...        E - amulet of reflection
Stlth   +++          y - ring of magical power
HPRegen 0.31/turn    o - ring of willpower
MPRegen 0.29/turn

%: reflection
@: no status effects
A: no striking features
a: Renounce Religion


You were on level 11 of the Dungeon.
You worshipped Vehumet.
Vehumet was extremely pleased with you.
You visited 2 branches of the dungeon, and saw 12 of its levels.
You also visited: Sewer and Bailey.

You collected 660 gold pieces.
You spent 312 gold pieces at shops.

Inventory:

Hand Weapons
 m - a +2 short sword of electrocution
 A - a +2 dagger of venom
Missiles
 W - 2 throwing nets
 Y - 2 curare-tipped darts
Armour
 h - a +0 pair of boots (worn)
 i - a +0 helmet (worn)
 l - a +0 buckler
 F - +0 steam dragon scales (worn)
 N - a +2 cloak (worn)
 Q - +0 swamp dragon scales
 V - a +2 pair of gloves of stealth (worn)
Magical Staves
 u - a staff of conjuration (weapon)
 w - a staff of death
 H - a staff of cold
Jewellery
 k - a ring of protection from cold
 o - a ring of willpower (right hand)
 t - a +5 ring of evasion
 y - a ring of magical power (left hand)
 E - an amulet of reflection (around neck)
 G - an amulet of regeneration
Wands
 D - a wand of digging (3)
 M - a wand of paralysis (9)
 P - a wand of acid (2)
 S - a wand of warping (14)
Scrolls
 g - 6 scrolls of identify {unknown}
 j - a scroll of brand weapon {unknown}
 n - a scroll of noise {unknown}
 r - a scroll of blinking
 s - 3 scrolls of fear {unknown}
 v - a scroll of vulnerability {unknown}
 x - a scroll of acquirement {unknown}
 C - 4 scrolls of enchant armour {unknown}
 I - 2 scrolls of summoning {unknown}
 K - 5 scrolls of teleportation {unknown}
 O - 3 scrolls of silence {unknown}
 R - 6 scrolls of enchant weapon {unknown}
 T - a scroll of poison {unknown}
 X - a scroll of fog {unknown}
Potions
 a - 2 potions of mutation {unknown}
 b - 2 potions of invisibility {unknown}
 c - 3 potions of attraction {unknown}
 d - 3 potions of magic
 e - 3 potions of lignification {unknown}
 f - 2 potions of heal wounds {unknown}
 p - 6 potions of resistance {unknown}
 q - 2 potions of curing {unknown}
 z - 2 potions of enlightenment {unknown}
 B - a potion of brilliance {unknown}
 J - 2 potions of might {unknown}
 L - 2 potions of berserk rage {unknown}
 U - a potion of experience {unknown}


   Skills:
 + Level 4.1 Fighting
 - Level 4.4 Armour
 - Level 3.0 Dodging
 - Level 3.0 Stealth
 - Level 4.0 Shields
 * Level 17.0 Spellcasting
 + Level 10.1 Conjurations
 - Level 1.1 Hexes
 - Level 1.1 Summonings
 - Level 1.0 Necromancy
 - Level 1.1 Translocations
 - Level 1.0 Fire Magic
 + Level 9.5 Ice Magic
 - Level 1.0 Air Magic
 - Level 1.3 Alchemy
 - Level 1.0 Evocations


You had 17 spell levels left.
You knew the following spells:

 Your Spells              Type           Power      Damage    Failure   Level
a - Magic Dart            Conj           100%       1d8       1%          1
b - Mephitic Cloud        Conj/Alch/Air  58%        N/A       1%          3
c - Call Imp              Summ           52%        N/A       2%          2
d - Blink                 Tloc           52%        N/A       2%          2
e - Foxfire               Conj/Fire      100%       2x1d9     1%          1
f - Freezing Cloud        Conj/Ice/Air   35%        6-21      1%          5
g - Ozocubu's Refrigerat  Ice            31%        4d14      11%         7
h - Ensorcelled Hibernat  Hex/Ice        96%        N/A       1%          2
i - Iskenderun's Battles  Conj           82%        2d13      1%          5

Your spell library contained the following spells:

 Spells                   Type           Power      Damage    Failure   Level
 Slow                     Hex            100%       N/A       1%          1
 Summon Small Mammal      Summ           100%       N/A       1%          1
 Mercury Vapours          Alch/Air       54%        N/A       1%          2
 Searing Ray              Conj           100%       2d8       1%          2
 Fulminant Prism          Conj/Alch      32%        3d16      1%          4
 Cigotuvi's Dreadful Rot  Necr/Alch/Air  52%        N/A       2%          2
 Call Canine Familiar     Summ           26%        N/A       4%          3
 Swiftness                Air            26%        N/A       4%          3
 Passwall                 Erth           21%        N/A       7%          3
 Starburst                Conj/Fire      32%        6d10      11%         6
 Bombard                  Conj/Erth      31%        9d6       13%         6
 Summon Blazeheart Golem  Fire/Summ      26%        N/A       16%         4
 Summon Forest            Summ/Tloc      13%        N/A       38%         5
 Eringya's Noxious Bog    Alch           13%        4d6       45%         6
 Spellforged Servitor     Conj/Summ      32%        N/A       45%         7
 Plasma Beam              Fire/Air       13%        2x1d24    50%         6
 Summon Hydra             Summ           13%        N/A       100%        7


Dungeon Overview and Level Annotations

Branches:
Dungeon (11/15)            Temple (1/1) D:4            Lair (0/5) D:8
    Orc (0/2) D:10          Sewer (visited)          Bailey (visited)

Altars:
Ashenzari
Cheibriados
Dithmenos
Elyvilon
Fedhas
Gozag
Hepliaklqana
Kikubaaqudgha
Makhleb
Nemelex Xobeh
Okawaru
Qazlal
Ru
Sif Muna
Trog
Uskayaw
Vehumet
Wu Jian
Xom
Yredelemnul
Zin
The Shining One

Shops:
D:5 :   D:7 =


Message History

Confirm with . or Enter, or press ? or * to list all spells.
Aiming: Mephitic Cloud (safe; 1% risk of failure)
Press: ? - help, Shift-Dir - straight line You feel a surge of power!
The ball explodes into a vile cloud!
The stinking cloud engulfs the yak.
The yak is moderately wounded.
You are engulfed in freezing vapours.
The yak is engulfed in freezing vapours.
The yak is engulfed in noxious fumes.
The yak gores you but does no damage.
Unknown command.
Unknown command.
You barely miss the yak.
The yak is moderately wounded.
You are engulfed in freezing vapours.
The yak is engulfed in freezing vapours. x2
The yak closely misses you.
The yak is engulfed in noxious fumes.
The yak appears confused.
The yak gores the yak.
The yak is killed!
Vehumet accepts your kill.
You feel your power returning.
The yak gores itself!
Unknown command.
Unknown command.
You hit the yak.
You blast the yak!
You kill the yak!
Vehumet accepts your kill.
You feel your power returning.
You are engulfed in freezing vapours.
* * * LOW HITPOINT WARNING * * *
The yak is engulfed in freezing vapours.
Unknown command.
You hit the yak.
The yak is severely wounded.
You are engulfed in freezing vapours.
* * * LOW HITPOINT WARNING * * *
The yak is engulfed in freezing vapours.
The yak gores you.
* * * LOW HITPOINT WARNING * * *
You closely miss the yak.
The yak is severely wounded.
You are engulfed in freezing vapours.
You die...

## .. . ##
##.##.# #§
§§§..|.
#°#§§§...# #
#°§Y§§...#
#.##@##.....
#.>.....#
####.####
#...# #.###
#.# #.# #.#
####.####


You could see a yak.

Vanquished Creatures
  2 vault guards (Bailey)
  4 two-headed ogres
  A boulder beetle (D:9)
  A death yak (D:8)
  Pikel (D:8)
  An ugly thing (D:9)
  Maurice (D:7)
  Maggie (D:8)
  2 trolls (D:9)
  2 hornets (D:9)
  Prince Ribbit (Bailey)
  Sigmund (D:4)
  2 shadows
  4 wyverns (D:9)
  A vampire (D:9)
  2 wraiths
  12 yaks
  2 humans (Bailey)
  2 steam dragons
  4 basilisks (D:8)
  A black bear (D:6)
  17 orc warriors
  11 centaurs
  3 phantoms
  7 kobold brigands
  20 bullfrogs
  3 gnoll sergeants
  5 scorpions
  5 wights (D:9)
  11 killer bees
  8 howler monkeys
  4 bombardier beetles
  5 gnoll boudas
  7 orc priests
  A hound (D:5)
  3 jellies
  A sleepcap (D:6)
  Terence (D:2)
  5 iguanas
  12 orc wizards
  Robin (D:2)
  11 adders
  30 gnolls
  2 white imps
  2 ufetubi (D:6)
  15 dart slugs
  2 ribbon worms
  44 orcs
  7 endoplasms
  14 giant cockroaches
  23 goblins
  12 hobgoblins
  3 quokkas
  9 ball pythons
  3 bats
  19 frilled lizards
  9 kobolds
  3 rats
  3 foxfires (D:9)
389 creatures vanquished.

Vanquished Creatures (collateral kills)
  A foxfire (D:10)
1 creature vanquished.

Vanquished Creatures (others)
  771 foxfires
771 creatures vanquished.

Grand Total: 1161 creatures vanquished

Notes
Turn   | Place    | Note
-------+----------+-------------------------------------------
     0 | D:1      | pokeman the Deep Elf Hedge Wizard began the quest for the
                  | Orb.
     0 | D:1      | Reached XP level 1. HP: 10/10 MP: 7/7
   383 | D:1      | Reached XP level 2. HP: 15/15 MP: 1/9
   989 | D:1      | Reached skill level 5 in Spellcasting
  1160 | D:2      | Reached XP level 3. HP: 20/20 MP: 5/11
  1229 | D:2      | Noticed Robin
  1372 | D:1      | Learned a level 3 spell: Mephitic Cloud
  1375 | D:1      | Learned a level 2 spell: Call Imp
  1378 | D:1      | Learned a level 2 spell: Blink
  1394 | D:2      | Killed Robin
  1510 | D:2      | Reached skill level 1 in Armour
  1570 | D:2      | Reached skill level 1 in Fighting
  1717 | D:2      | Noticed Terence
  1769 | D:2      | Killed Terence
  1770 | D:2      | Reached XP level 4. HP: 13/25 MP: 8/13
  2146 | D:2      | Found a faded altar of an unknown god.
  2673 | D:3      | Found a sacrificial altar of Ru.
  2710 | D:3      | Found a glowing drain.
  2727 | Sewer    | Entered a sewer
  2767 | Sewer    | Reached skill level 6 in Spellcasting
  2992 | Sewer    | Reached XP level 5. HP: 29/29 MP: 12/15
  3476 | Sewer    | Reached skill level 1 in Air Magic
  3482 | Sewer    | Reached skill level 1 in Shields
  3482 | Sewer    | Reached skill level 1 in Alchemy
  3482 | Sewer    | Reached XP level 6. HP: 8/34 MP: 11/17
  3938 | D:3      | Learned a level 2 spell: Ensorcelled Hibernation
  4602 | D:4      | Reached skill level 7 in Spellcasting
  4732 | D:4      | Reached skill level 1 in Hexes
  4732 | D:4      | Reached skill level 1 in Ice Magic
  5022 | D:4      | Found a white marble altar of Elyvilon.
  5023 | D:4      | Noticed Sigmund
  5035 | D:4      | Killed Sigmund
  5036 | D:4      | Reached XP level 7. HP: 38/38 MP: 16/20
  5067 | D:4      | Reached skill level 8 in Spellcasting
  5717 | D:4      | Found a staircase to the Ecumenical Temple.
  5723 | Temple   | Entered the Ecumenical Temple
  5739 | Temple   | Became a worshipper of Vehumet
  5983 | D:5      | Entered Level 5 of the Dungeon
  6004 | D:5      | Reached skill level 1 in Necromancy
  6117 | D:5      | Found Izaseg's Book Emporium.
  6164 | D:5      | Reached skill level 1 in Evocations
  6667 | D:5      | Learned a level 1 spell: Foxfire
  6907 | D:6      | Reached XP level 8. HP: 43/43 MP: 22/22
  7015 | D:6      | Reached skill level 1 in Fire Magic
  7020 | D:6      | Reached skill level 9 in Spellcasting
  7190 | D:6      | Reached skill level 5 in Conjurations
  7397 | D:6      | Reached * piety under Vehumet
  7397 | D:6      | Offered knowledge of Kiss of Death by Vehumet.
  7407 | D:6      | Reached skill level 10 in Spellcasting
  7578 | D:6      | Found a shadowy altar of Dithmenos.
  8146 | D:7      | Noticed Maurice
  8161 | D:7      | Killed Maurice
  8162 | D:7      | Reached XP level 9. HP: 46/48 MP: 25/25
  8415 | D:8      | Reached skill level 11 in Spellcasting
  8476 | D:8      | Reached skill level 5 in Ice Magic
  8804 | D:7      | Found Genweywe's Jewellery Shop.
  8911 | D:7      | Reached ** piety under Vehumet
  9029 | D:8      | Noticed a death yak
  9036 | D:8      | Noticed a two-headed ogre
  9134 | D:5      | Bought a book of Vapours for 312 gold pieces
  9140 | D:5      | Learned a level 5 spell: Freezing Cloud
  9189 | D:8      | Noticed Maggie
  9194 | D:8      | Killed Maggie
  9303 | D:8      | Found an opulent altar of Gozag.
  9485 | D:8      | Offered knowledge of Static Discharge by Vehumet.
  9493 | D:8      | Reached skill level 12 in Spellcasting
  9669 | D:8      | Noticed Pikel
  9693 | D:8      | Killed Pikel
  9694 | D:8      | Reached XP level 10. HP: 56/56 MP: 28/28
  9821 | D:8      | Found a bloodstained altar of Trog.
  9860 | D:8      | Found a burning altar of Makhleb.
  9952 | D:8      | Killed a two-headed ogre
 10088 | D:8      | Reached skill level 13 in Spellcasting
 10180 | D:8      | Killed a death yak
 10259 | D:8      | Found a staircase to the Lair.
 10428 | D:9      | Offered knowledge of Hailstorm by Vehumet.
 10539 | D:9      | Reached *** piety under Vehumet
 10552 | D:9      | Reached skill level 14 in Spellcasting
 10597 | D:9      | Found a flagged portal.
 10627 | Bailey   | Entered a bailey
 10813 | Bailey   | Offered knowledge of Iskenderun's Mystic Blast by Vehumet.
 10819 | Bailey   | Reached XP level 11. HP: 49/60 MP: 26/31
 10975 | Bailey   | Noticed Prince Ribbit
 10975 | Bailey   | Noticed a vault guard
 10980 | Bailey   | Killed Prince Ribbit
 10984 | Bailey   | Killed a vault guard
 11127 | Bailey   | Noticed a vault guard
 11142 | Bailey   | Killed a vault guard
 11296 | D:9      | Noticed a red ugly thing
 11303 | D:9      | Killed a red ugly thing
 11304 | D:9      | Reached skill level 15 in Spellcasting
 11309 | D:9      | Noticed a boulder beetle
 11336 | D:9      | Killed a boulder beetle
 11384 | D:9      | Noticed a two-headed ogre
 11398 | D:9      | Killed a two-headed ogre
 11399 | D:9      | Reached **** piety under Vehumet
 11534 | D:9      | Offered knowledge of Ignite Poison by Vehumet.
 11563 | D:9      | Noticed a two-headed ogre
 11570 | D:9      | Killed a two-headed ogre
 11749 | D:9      | Reached skill level 16 in Spellcasting
 12418 | D:9      | Reached XP level 12. HP: 55/64 MP: 34/34
 12468 | D:9      | Found a stormy altar of Qazlal.
 12708 | D:9      | Reached ***** piety under Vehumet
 12898 | D:9      | Found a hide-covered altar of Uskayaw.
 12996 | D:9      | Found a hazy altar of Hepliaklqana.
 13048 | D:10     | Entered Level 10 of the Dungeon
 13233 | D:10     | Offered knowledge of Ozocubu's Refrigeration by Vehumet.
 13311 | D:10     | Learned a level 7 spell: Ozocubu's Refrigeration
 13655 | D:10     | Learned a level 5 spell: Iskenderun's Battlesphere
 13740 | D:10     | Found a staircase to the Orcish Mines.
 14034 | D:10     | Noticed a two-headed ogre
 14044 | D:10     | Killed a two-headed ogre
 14265 | D:10     | Reached skill level 10 in Conjurations
 14546 | D:10     | Reached skill level 17 in Spellcasting
 14754 | D:11     | Engulfed by a cloud of freezing vapour

Illustrated notes

Levels and vault maps discovered:
D:1:      dpeg_arrival_round_a, layout_loops_ring
D:2:      layout_loops_ring, dreamdust_ecumenical_altar_statues,
          minmay_pentomino_pile, uniq_terence, uniq_robin
D:3:      layout_basic, mainiacjoe_overflow_tiny_flanked,
          cheibrodos_sewer_entry_drain, uniq_ijyb
D:4:      kennysheep_the_goblin_king, layout_loops_ring, old_standard_altar,
          minmay_temple_entry_hall, serial_glass, glass_columns_c,
          glass_columns_a, uniq_sigmund
D:5:      layout_loops_cross, serial_shops, nicolae_shop_tiny_statue_garden,
          kennysheep_generic_room_14
D:6:      minmay_skewed_foursquare, layout_cave_pools,
          nicolae_dithmenos_through_a_glass_darkly, hangedman_decor_lopped
D:7:      layout_basic, serial_shops, shop_statue, uniq_maurice
D:8:      layout_loops_cross, mainiacjoe_overflow_swirl, grunt_gozag_statues,
          dpeg_lair_monsters, uniq_maggie, uniq_pikel
D:9:      nzn_winding_woodlands_cross [nzn_winding_woodlands_5x15_split_checker,
          nzn_winding_woodlands_5x15_eye, nzn_winding_woodlands_5x15_twine,
          nzn_winding_woodlands_5x15_pockets,
          nzn_winding_woodlands_15x15_five_gardens], layout_rooms,
          lemuel_round_altar, nicolae_hepliaklqana_hippocampus,
          kennysheep_little_box, enter_bailey_7, grunt_decor_clamped,
          hangedman_minor_gate_pass
D:10:     kennysheep_seaside_town, layout_loops_ring, david_orc_4
D:11:     layout_loops_cross, serial_shops, shop, uniq_psyche
Temple:   nicolae_temple_god_jail

Skill      XL: |  1  2  3  4  5  6  7  8  9 10 11 12 |
---------------+-------------------------------------+-----
Spellcasting   | 5 6 7 8 10 12 14 16 17 | 17.0
Armour         | 1 2 3 4 |  4.4
Fighting       | 1 2 3 4 |  4.1
Conjurations   | 2 3 4 5 6 8 9 10 | 10.1
Stealth        | 3 |  3.0
Dodging        | 3 |  3.0
Air Magic      | 1 |  1.0
Shields        | 1 2 3 4 |  4.0
Alchemy        | 1 |  1.3
Hexes          | 1 |  1.1
Ice Magic      | 1 2 4 6 7 9 |  9.5
Necromancy     | 1 |  1.0
Evocations     | 1 |  1.0
Fire Magic     | 1 |  1.0
Summonings     | |  1.1
Translocations | |  1.1

Action                     |  1- 3 |  4- 6 |  7- 9 | 10-12 || total
---------------------------+-------+-------+-------+-------++-------
  Melee: Dagger            |    33 |    27 |     8 |    36 ||   104
         Short sword       |       |       |     9 |       ||     9
         Staff             |       |       |    33 |    82 ||   115
   Cast: Magic Dart        |    91 |   192 |   116 |    47 ||   446
         Mephitic Cloud    |     2 |     3 |    16 |    27 ||    48
         Call Imp          |     1 |       |     3 |     4 ||     8
         Foxfire           |       |       |   179 |   258 ||   437
         Blink             |       |       |     2 |     4 ||     6
         Ensorcelled Hiber |       |       |     2 |       ||     2
         Freezing Cloud    |       |       |     2 |    62 ||    64
         Iskenderun's Batt |       |       |       |     4 ||     4
  Evoke: Wand              |       |       |       |     1 ||     1
   Stab: Confused          |     2 |     3 |     8 |     4 ||    17
 Armour: Robe              |    22 |       |       |       ||    22
         Animal skin       |     7 |    24 |    12 |       ||    43
         Steam dragon scal |       |       |    43 |   129 ||   172
  Dodge: Dodged            |    37 |    34 |    52 |    88 ||   211
  Block: Other             |       |       |    17 |    34 ||    51
         Reflection        |       |       |       |     4 ||     4

Table legend: (Time is in decaauts)
 A = Elapsed time spent in this place.
 B = Non-inter-level travel time spent in this place.
 C = Inter-level travel time spent in this place.
 D = Time resting spent in this place.
 E = Time spent auto-exploring this place.
 F = Levels seen in this place.
 G = Mean time per level.
                   A        B        C        D        E       F      G
               +--------+--------+--------+--------+--------+-----+--------+
         Total |  14861 |  14347 |    514 |    750 |  10838 |  14 | 1061.5 |
       Dungeon |  12955 |  12469 |    486 |    437 |   9636 |  11 | 1177.7 |
        Temple |     30 |      2 |     28 |      0 |      0 |   1 |   30.0 |
         Sewer |   1283 |   1283 |      0 |      0 |   1118 |   1 | 1283.0 |
        Bailey |    592 |    592 |      0 |    313 |     83 |   1 |  592.0 |
               +--------+--------+--------+--------+--------+-----+--------+

Top non-repeatable levels by time:
     D:9: 2084 daAuts
    D:10: 1693 daAuts
     D:8: 1364 daAuts
     D:4: 1356 daAuts
     D:1: 1305 daAuts
   Sewer: 1283 daAuts
     D:2: 1217 daAuts
     D:7: 1138 daAuts
     D:6: 1027 daAuts
     D:5: 882 daAuts
     D:3: 865 daAuts
  Bailey: 592 daAuts
  Temple: 30 daAuts
    D:11: 18 daAuts
